 Dungeon Crawl Stone Soup version 0.31.0-32-g396128a36d (webtiles) character file.

Game seed: 9664785257967051942

5275 spaghetti the Covert (level 10, 16/121 HPs)
             Began as a Naga Chaos Knight on Mar 19, 2024.
             Was a Plaything of Xom.
             Quit the game on level 11 of the Dungeon on Mar 20, 2024.
             The game lasted 00:11:04 (7157 turns).

spaghetti the Covert (Naga Chaos Knight)            Turns: 7157, Time: 00:11:05

Health: 16/121     AC: 25    Str: 15    XL:     10   Next: 63%
Magic:  10/10      EV:  1    Int: 12    God:    Xom [...*..]
Gold:   293        SH:  0    Dex: 15    Spells: 4/9 levels left

rFire   . . .        e - +2 long sword (venom)
rCold   . . .        (no shield)
rNeg    . . .        y - melded +1 ring mail "Josukk" {Int+5}
rPois   +            m - melded +2 hat
rElec   .            (cloak currently unavailable)
rCorr   .            (gloves currently unavailable)
SInv    +            (no barding)
Will    +++..        k - amulet of regeneration
Stlth   ++++         A - ring of willpower
HPRegen 1.20/turn    l - ring of wizardry
MPRegen 0.12/turn

%: wizardry (x1)
@: mildly poisoned (16 -> 15), tree-form, slowed, very slow
A: stationary, stasis, torment immunity, boosted hp, AC +3, large, see
invisible, (deformed body), (poison resistance), (slowness 2), spit poison 1,
(naga tail 1), (antennae 1), (claws 1), (stinger 1), (iridescent scales 1),
(camouflage 1), frail 1, strong-willed 1
a: Spit Poison, Renounce Religion


You were on level 11 of the Dungeon.
You worshipped Xom.
You were a favourite toy of Xom.
You were a tree.
You visited 1 branch of the dungeon, and saw 11 of its levels.

You collected 468 gold pieces.
You spent 175 gold pieces at shops.

Inventory:

Hand Weapons
 a - a +0 falchion of chaos
 e - a +2 long sword of venom (weapon)
 t - a +1 heavy morningstar
 C - a +1 morningstar of holy wrath
Armour
 b - a +2 leather armour
 c - +0 steam dragon scales
 m - a +2 hat (melded)
 p - a +1 plate armour
 y - the +1 ring mail "Josukk" (melded) {Int+5}
   (You found it on level 8 of the Dungeon)

   Int+5:     It affects your intelligence (+5).
Jewellery
 g - a ring of positive energy
 j - a ring of flight
 k - an amulet of regeneration (around neck)
 l - a ring of wizardry (right branch)
 A - a ring of willpower (left branch)
Wands
 q - a wand of flame (16)
 B - a wand of paralysis (7)
Scrolls
 f - a scroll of blinking
 o - 7 scrolls of teleportation
 u - 2 scrolls of poison
 v - a scroll of fear
 w - a scroll of enchant armour
 x - a scroll of amnesia
 z - 2 scrolls of identify
 D - a scroll of immolation
Potions
 d - 3 potions of attraction
 h - a potion of degeneration
 i - a potion of brilliance
 n - 2 potions of lignification
 r - 4 potions of curing


   Skills:
 + Level 5.6 Fighting
 - Level 4.0 Long Blades
 + Level 7.9 Armour
 - Level 0.7 Dodging
 + Level 8.5 Stealth
 + Level 4.6 Summonings
 + Level 4.4 Translocations
 + Level 6.8 Evocations


You had 4 spell levels left.
You knew the following spells:

 Your Spells              Type           Power      Damage    Failure   Level
a - Summon Forest         Summ/Tloc      5%         N/A       47%         5

Your spell library contained the following spells:

 Spells                   Type           Power      Damage    Failure   Level
 Freeze                   Ice            0%         1d3       13%         1
 Dazzling Flash           Conj/Hex       0%         N/A       36%         3
 Frozen Ramparts          Ice            0%         1d1       36%         3
 Hailstorm                Conj/Ice       0%         3d5       36%         3
 Mephitic Cloud           Conj/Alch/Air  0%         N/A       36%         3
 Summon Mana Viper        Hex/Summ       5%         N/A       78%         5
 Summon Cactus Giant      Summ           5%         N/A       95%         6
 Curse of Agony           Necr           0%         N/A       97%         5
 Silence                  Hex/Air        0%         N/A       97%         5


Dungeon Overview and Level Annotations

Branches:
Dungeon (11/15)            Temple (0/1) D:7
   Lair: D:8-11         Orc: D:9-12

Altars:
Gozag

Shops:
D:9 (

Annotations:
D:11 Psyche, Sonja


Innate Abilities, Weirdness & Mutations

You are a tree.
Your roots penetrate the ground, keeping you stationary.
You cannot be teleported.
You are immune to unholy pain and torment.
Your maximum health is greatly increased.
Your equipment is partially melded.
((Your serpentine skin is tough. (AC +3)))
You have supernaturally acute eyesight. (SInv)
((Armour fits poorly on your strangely shaped body.))
((Your system is resistant to poisons. (rPois)))
((You cover ground very slowly.))
You can spit poison.
((You have a snake-like lower body.))
((You have a pair of small antennae on your head.))
((You have sharp fingernails.))
((Your tail ends in a venomous barb.))
((You are partially covered in iridescent scales. (AC +2)))
((Your skin changes colour to match your surroundings (Stealth+).))
You are frail. (-10% HP)
You are strong-willed. (Will+)


Message History

The centaur warrior hits you.
* * * LOW HITPOINT WARNING * * *
The centaur warrior kicks you.
* * * LOW HITPOINT WARNING * * *
The howler monkey hoots and howls with incredible vigour!
Sonja mumbles some strange words.
Sonja blinks!
You hit the centaur warrior but do no damage.
The centaur warrior looks as sick as possible!
The centaur warrior is almost dead.
You feel sick.
The black bear seems to regain its courage.
The centaur warrior hits you but does no damage.
The centaur warrior kicks you but does no damage.
Sonja says, "I'm academy-trained, you know."
Sonja throws a curare-tipped dart.
The curare-tipped dart hits you. You resist. The centaur warrior hits you!
* * * LOW HITPOINT WARNING * * *
The centaur warrior kicks you but does no damage.
Sonja throws a curare-tipped dart.
The curare-tipped dart hits you. You resist.
The centaur warrior hits you but does no damage.
The centaur warrior kicks you but does no damage.
You closely miss the centaur warrior.
The centaur warrior is almost dead.
You feel sick.
You kill the centaur warrior!
Sonja mumbles some strange words.
Sonja blinks!
The black bear bites you but does no damage.
The black bear claws you but does no damage.
The black bear barely misses you.
The howler monkey hoots and howls with incredible vigour! x2
Psyche looks satisfied for a moment.
Sonja throws a curare-tipped dart.
The curare-tipped dart hits you. You resist.
The black bear bites you but does no damage.
The black bear claws you.
* * * LOW HITPOINT WARNING * * *
The black bear claws you but does no damage.
Okay, then.
Are you sure you want to abandon this character and quit the game? (Confirm with "yes".)

#.T........# #.## #..
#######..### #..# ### ####...##
#########'## #........#
#..[.......# #........#
#..K<......###### .........#####
#...(......'....#
#........oo@.####..........####.'
#........###WWh##9.........# ###
#..<.....# ###Th♣hT........# #
#........# ####..........# #
#........# #..........# #
#######.## ##+######### # #.####
..# #....# #.# ####.#
#####.######## #######'##
#............# ###
.........###..........^.####..


You could see 2 trolls, Psyche (invisible), 2 wraiths, Sonja, an orc warrior, a
black bear, a gargoyle, 2 howler monkeys and an orc priest.

Vanquished Creatures
  A centaur warrior (D:11)
  Maggie (D:7)
  A shadow (D:8)
  7 yaks
  2 vampire mosquitoes (D:10)
  An acid dragon (D:9)
  2 ice beasts
  2 orc warriors
  A sky beast (D:7)
  A black bear (D:5)
  An ogre (D:4)
  3 centaurs
  A kobold brigand (D:11)
  4 bullfrogs
  A wyvern zombie (D:5)
  3 scorpions
  3 killer bees (D:9)
  4 electric eels
  4 howler monkeys
  A bullfrog zombie (D:5)
  A jelly (D:5)
  5 orc priests
  Jessica (D:2)
  2 gnoll boudas (D:6)
  Ijyb (D:4)
  3 sleepcaps (D:5)
  Natasha (thrice) (D:4)
  An iguana (D:5)
  10 orc wizards
  A scorpion zombie (D:5)
  A hound zombie (D:5)
  11 gnolls
  A howler monkey skeleton (D:5)
  8 adders
  A shadow imp (D:5)
  A white imp (D:6)
  2 ufetubi (D:5)
  An adder zombie (D:5)
  4 dart slugs
  A ribbon worm (D:3)
  28 orcs
  5 bats
  4 endoplasms
  A giant cockroach (D:2)
  4 goblins
  9 hobgoblins
  4 jackals (D:3)
  3 ball pythons
  3 frilled lizards (D:1)
  7 kobolds
  4 rats
175 creatures vanquished.

Vanquished Creatures (collateral kills)
  A phantom (D:5)
  A gnoll (D:4)
2 creatures vanquished.

Grand Total: 177 creatures vanquished

Notes
Turn   | Place    | Note
-------+----------+-------------------------------------------
     0 | D:1      | spaghetti the Naga Chaos Knight began the quest for the
                  | Orb.
     0 | D:1      | Reached XP level 1. HP: 21/21 MP: 1/1
   127 | D:1      | Reached XP level 2. HP: 28/28 MP: 2/2
   422 | D:1      | XOM: silly message
   423 | D:1      | XOM: divination: detect items
   549 | D:2      | Reached XP level 3. HP: 32/34 MP: 3/3
   760 | D:2      | XOM: silly message
   834 | D:2      | Noticed Jessica
   838 | D:2      | Killed Jessica
   839 | D:2      | Reached XP level 4. HP: 35/42 MP: 4/4
   960 | D:2      | XOM: silly message
  1432 | D:2      | Gained mutation: You are dopey. (Int -2) [potion of
                  | mutation]
  1432 | D:2      | Gained mutation: You have a pair of small antennae on your
                  | head. [potion of mutation]
  1432 | D:2      | Gained mutation: You have sharp fingernails. [potion of
                  | mutation]
  1432 | D:2      | Gained mutation: Your tail ends in a venomous barb. [potion
                  | of mutation]
  1454 | D:3      | XOM: potion effect (invisibility)
  1473 | D:3      | Reached XP level 5. HP: 48/49 MP: 5/5
  1530 | D:3      | XOM: smoke on damage
  1538 | D:3      | XOM: silly message
  1733 | D:3      | Found an opulent altar of Gozag.
  1956 | D:3      | XOM: give mutations
  1956 | D:3      | Gained mutation: You have hidden genetic potential. [Xom's
                  | grace]
  1956 | D:3      | Gained mutation: You possess an exceptional clarity of
                  | mind. [Xom's grace]
  1956 | D:3      | Lost mutation: You are dopey. (Int -2) [Xom's grace]
  1956 | D:3      | Gained mutation: You are partially covered in iridescent
                  | scales. (AC +2) [Xom's grace]
  2219 | D:4      | XOM: cloud trail
  2254 | D:4      | XOM: summons friendly shadow imp
  2287 | D:4      | Noticed Natasha
  2304 | D:4      | Killed Natasha
  2305 | D:4      | Reached XP level 6. HP: 33/56 MP: 6/6
  2309 | D:4      | Noticed Natasha
  2320 | D:4      | Killed Natasha
  2366 | D:4      | Noticed Natasha
  2371 | D:4      | Killed Natasha
  2385 | D:4      | Gained mutation: You are strong-willed. (Will+) [hidden
                  | potential]
  2416 | D:4      | Noticed Ijyb
  2416 | D:4      | XOM: 10-stop teleportation journey
  2518 | D:4      | Killed Ijyb
  2519 | D:4      | Reached skill level 5 in Armour
  2747 | D:4      | Reached skill level 1 in Evocations
  2790 | D:4      | XOM: noise
  3008 | D:5      | Entered Level 5 of the Dungeon
  3018 | D:5      | Reached XP level 7. HP: 61/62 MP: 7/7
  3195 | D:5      | Gained mutation: Your flesh is cold resistant. (rC+)
                  | [hidden potential]
  3195 | D:5      | Lost mutation: You have hidden genetic potential. [hidden
                  | potential expressed]
  3221 | D:5      | XOM: noise
  3230 | D:5      | XOM: summons friendly iron imp
  3235 | D:5      | XOM: fake destruction
  3239 | D:5      | XOM: silly message
  3344 | D:5      | Reached XP level 8. HP: 66/69 MP: 8/8
  3350 | D:5      | XOM: give mutations
  3350 | D:5      | Lost mutation: Your flesh is cold resistant. (rC+) [Xom's
                  | mischief]
  3350 | D:5      | Gained mutation: Your skin changes colour to match your
                  | surroundings (Stealth+). [Xom's mischief]
  3350 | D:5      | Gained mutation: You are frail. (-10% HP) [Xom's mischief]
  3350 | D:5      | Lost mutation: You possess an exceptional clarity of mind.
                  | [Xom's mischief]
  3386 | D:5      | XOM: enchant monster (bad)
  3399 | D:5      | Reached skill level 1 in Stealth
  3526 | D:5      | Reached skill level 2 in Stealth
  3856 | D:5      | XOM: silly message
  3879 | D:6      | XOM: enchant monster (bad)
  3880 | D:6      | XOM: smoke on damage
  3899 | D:6      | Reached skill level 3 in Stealth
  4367 | D:6      | XOM: noise
  4428 | D:6      | Learned a level 5 spell: Summon Forest
  4511 | D:6      | Reached skill level 4 in Stealth
  4511 | D:6      | Reached skill level 5 in Evocations
  4855 | D:7      | Reached skill level 1 in Summonings
  4860 | D:7      | Reached skill level 1 in Translocations
  4966 | D:7      | Found a staircase to the Ecumenical Temple.
  4973 | D:7      | XOM: summons 3 hostile shadow creatures
  4975 | D:7      | Reached XP level 9. HP: 67/68 MP: 9/9
  4980 | D:7      | Noticed Maggie
  4999 | D:7      | Killed Maggie
  5000 | D:7      | Reached skill level 5 in Stealth
  5073 | D:7      | XOM: 4-stop teleportation journey
  5402 | D:7      | XOM: 3-stop teleportation journey
  5659 | D:8      | XOM: potion effect (berserk rage)
  5669 | D:8      | Reached skill level 6 in Stealth
  5672 | D:8      | XOM: cast spell 'Chain of Chaos'
  5681 | D:8      | Identified the +1 ring mail "Josukk" {Int+5}
  5899 | D:8      | Identified the +2 robe "Ithairen" {rC+++ Int+3 Dex-2}
  5985 | D:8      | XOM: scenery: 3 doors close
  6465 | D:9      | XOM: cast spell 'Dispersal'
  6466 | D:9      | Reached skill level 7 in Stealth
  6471 | D:9      | Reached XP level 10. HP: 43/78 MP: 10/10
  6557 | D:9      | XOM: 1-stop teleportation journey
  6559 | D:9      | Reached skill level 5 in Fighting
  6608 | D:9      | XOM: chaos upgrade
  6676 | D:9      | Identified the +0 mace of Infinity {freeze, Dex+4}
  6677 | D:9      | Found Coyxtegg's Antique Weapon Shoppe.
  6723 | D:9      | Bought a glowing morningstar for 175 gold pieces
  6742 | D:9      | XOM: 2-stop teleportation journey
  6787 | D:9      | XOM: summons 10 friendly demons
  6798 | D:10     | Entered Level 10 of the Dungeon
  6826 | D:10     | XOM: destruction
  6927 | D:10     | Noticed a two-headed ogre
  6932 | D:11     | XOM: noise
  6934 | D:11     | XOM: cast spell 'Metabolic Englaciation'
  6936 | D:11     | Reached skill level 8 in Stealth
  6936 | D:11     | HP: 2/79 [kobold brigand/+0 whip (6)]
  6974 | D:11     | XOM: summons 3 hostile demons
  7014 | D:11     | Noticed an elephant
  7033 | D:11     | XOM: 2-stop teleportation journey
  7040 | D:11     | XOM: 1-stop teleportation journey
  7141 | D:11     | Noticed Sonja
  7142 | D:11     | Noticed a centaur warrior
  7147 | D:11     | Noticed Psyche
  7153 | D:11     | Noticed a gargoyle
  7156 | D:11     | Killed a centaur warrior
  7157 | D:11     | Quit the game

Illustrated notes

Levels and vault maps discovered:
D:1:      saegor_arrival_simple_b, layout_basic
D:2:      layout_loops_corners, corner_web_ring, uniq_jessica
D:3:      layout_rooms, overflow_temple_1_default
D:4:      nicolae_cairo_tiling_very_big, layout_loops_corners, uniq_ijyb,
          uniq_natasha
D:5:      layout_basic, serial_undead, serial_undead_a, serial_undead_b,
          serial_undead_c, serial_undead_d, minivault_23, hellmonk_no_cap
D:6:      layout_gridville, hangedman_decor_push, kennysheep_cluttered_room
D:7:      layout_basic, minmay_temple_entry_ruins, water_boxes_lemuel,
          uniq_maggie
D:8:      layout_gridville
D:9:      layout_small_grid, erik_orc_2, serial_shops, shop
D:10:     layout_roguey, kennysheep_kite_vault
D:11:     layout_roguey, grunt_lair_entry_orc_guard_hut, uniq_sonja, uniq_psyche

Skill      XL: |  1  2  3  4  5  6  7  8  9 10 |
---------------+-------------------------------+-----
Armour         | 2 3 4 5 6 7 |  7.9
Long Blades    | 4 |  4.0
Evocations     | 1 3 5 6 |  6.8
Stealth        | 4 7 8 |  8.5
Summonings     | 1 3 4 |  4.6
Translocations | 1 3 4 |  4.4
Fighting       | 4 5 |  5.6
Dodging        | |  0.7

Action                     |  1- 3 |  4- 6 |  7- 9 | 10-12 || total
---------------------------+-------+-------+-------+-------++-------
  Melee: Falchion          |    54 |   221 |   134 |       ||   409
         Punch             |       |     1 |     6 |     1 ||     8
         Long sword        |       |       |   245 |   152 ||   397
Ability: Spit Poison       |     1 |     9 |     1 |       ||    11
    Use: Scroll            |       |     6 |     6 |     2 ||    14
         Potion            |       |     4 |     5 |     5 ||    14
   Stab: Invisible         |       |     3 |       |       ||     3
         Paralysed         |       |     1 |       |       ||     1
         Sleeping          |       |       |     2 |     5 ||     7
         Distracted        |       |       |       |     1 ||     1
 Armour: Leather armour    |    31 |   180 |       |       ||   211
         Skin              |       |    42 |       |    48 ||    90
         Plate armour      |       |    57 |   540 |       ||   597
         Ring mail         |       |       |    44 |   231 ||   275
  Dodge: Dodged            |    26 |   149 |   106 |    93 ||   374
